 Dungeon Crawl Stone Soup version 0.29.1-15-g9cfb28693d (webtiles) character file.

Game seed: 5655834117455713935

87535 Mirmiton the Thaumaturge (level 15, -5/130 HPs)
             Began as a Gnoll Earth Elementalist on Feb 22, 2023.
             Was the Champion of Ashenzari.
             Killed from afar by Jorgrun (45 damage)
             ... with an iron shot
             ... on level 3 of the Spider Nest on Feb 23, 2023.
             The game lasted 02:50:42 (39746 turns).

Mirmiton the Thaumaturge (GnEE)                    Turns: 39746, Time: 02:50:42

Health: -5/130     AC: 13    Str:  4    XL:     15   Next: 90%
Magic:  22/45      EV: 16    Int: 23    God:    Ashenzari [******]
Gold:   2806       SH: 17    Dex: 13    Spells: 26/48 levels left

rFire   . . .      SeeInvis +   i - +7 falchion "Oblivion of Ashenzari" {vamp, Will+ Str-5 Int+3, Melee, Evo} (curse)
rCold   + . .      Faith    .   m - +0 kite shield "Mantic Omen" {Elem, Comp} (curse)
rNeg    . . .      Spirit   .   I - +2 robe "Visionary of Ashenzari" {rPois, Bglg, Range} (curse)
rPois   +          Reflect  +   p - +0 helmet "Submission of Ashenzari" {Evo, Comp} (curse)
rElec   .          Harm     .   w - +0 cloak "Bound Regret" {Comp, Melee} (curse)
rCorr   .          Rampage  .   c - +0 pair of gloves "Behold Eternity" {Cun, Alch} (curse)
Will    ++...      Clarity  +   U - +2 pair of boots "Visionary of Ashenzari" {Fort, Cun} (curse)
Stlth   ++++++....              L - amulet of Ashenzari's Bitterness {Reflect SH+5, Self, Bglg} (curse)
HPRegen 0.31/turn               r - ring of Ashenzari's Servitude {rC+, Self, Cun} (curse)
MPRegen 0.29/turn               B - ring "Cryptic Affliction" {MP+9, Elem, Self} (curse)

@: grasped by roots, constricted, studying Hexes
A: fangs 1, strong nose, distributed training
a: Renounce Religion, Shatter the Chains


You were on level 3 of the Spider Nest.
You worshipped Ashenzari.
Ashenzari was exalted by your worship.
You visited 5 branches of the dungeon, and saw 23 of its levels.

You collected 3179 gold pieces.
You spent 373 gold pieces at shops.

Inventory:

Hand Weapons
 i - the cursed +7 falchion "Oblivion of Ashenzari" (weapon) {vamp, Will+ Str-5 Int+3, Melee, Evo}
   (You found it on level 7 of the Dungeon)

   It occasionally heals its wielder for a portion of the damage dealt when it
   wounds a living foe.
   Str:       It affects your strength (-5).
   Int:       It affects your intelligence (+3).
   Will:      It increases your willpower.
   It has a curse which improves the following skills: Melee Combat: Short
   Blades, Long Blades, Axes, Maces & Flails, Polearms, Staves and Unarmed
   Combat.
   Evocations: Evocations.
Missiles
 d - 7 silver javelins (quivered)
 t - 43 poisoned darts
 O - 2 curare-tipped darts
 T - a throwing net
Armour
 c - the cursed +0 pair of gloves "Behold Eternity" (worn) {Cun, Alch}
   (You took it off Nikola on level 2 of the Spider Nest)

   It has a curse which improves the following skills: Cunning: Dodging and
   Stealth.
   Alchemy:   Poison Magic and Transmutations.
 m - the cursed +0 kite shield "Mantic Omen" (worn) {Elem, Comp}
   (You found it on level 7 of the Dungeon)

   It has a curse which improves the following skills: Elements: Fire Magic, Ice
   Magic, Air Magic and Earth Magic.
   Companions: Summonings and Necromancy.
 p - the cursed +0 helmet "Submission of Ashenzari" (worn) {Evo, Comp}
   (You took it off Robin on level 2 of the Dungeon)

   It has a curse which improves the following skills: Evocations: Evocations.
   Companions: Summonings and Necromancy.
 w - the cursed +0 cloak "Bound Regret" (worn) {Comp, Melee}
   (You found it on level 3 of the Dungeon)

   It has a curse which improves the following skills: Companions: Summonings
   and Necromancy.
   Melee Combat: Short Blades, Long Blades, Axes, Maces & Flails, Polearms,
   Staves and Unarmed Combat.
 y - a +2 robe of willpower
 I - the cursed +2 robe "Visionary of Ashenzari" (worn) {rPois, Bglg, Range}
   (You found it on level 7 of the Dungeon)

   rPois:     It protects you from poison.
   It has a curse which improves the following skills: Beguiling: Conjurations,
   Hexes and Translocations.
   Ranged Combat: Ranged Weapons and Throwing.
 U - the cursed +2 pair of boots "Visionary of Ashenzari" (worn) {Fort, Cun}
   (You found it on level 9 of the Dungeon)

   It has a curse which improves the following skills: Fortitude: Armour and
   Shields.
   Cunning:   Dodging and Stealth.
Magical Staves
 V - a staff of earth
Jewellery
 a - a ring of protection from fire
 r - the cursed ring of Ashenzari's Servitude (left hand) {rC+, Self, Cun}
   (You found it on level 3 of the Dungeon)

   [ring of protection from cold]

   rC:        It protects you from cold.
   It has a curse which improves the following skills: Introspection: Fighting
   and Spellcasting.
   Cunning:   Dodging and Stealth.
 B - the cursed ring "Cryptic Affliction" (right hand) {MP+9, Elem, Self}
   (You found it on level 3 of the Lair of Beasts)

   [ring of magical power]

   MP:        It affects your magic capacity (+9).
   It has a curse which improves the following skills: Elements: Fire Magic, Ice
   Magic, Air Magic and Earth Magic.
   Introspection: Fighting and Spellcasting.
 L - the cursed amulet of Ashenzari's Bitterness (around neck) {Reflect SH+5, Self, Bglg}
   (You found it on level 1 of the Lair of Beasts)

   [amulet of reflection]

   It reflects blocked missile attacks.
   SH:        It affects your SH (+5).
   It has a curse which improves the following skills: Introspection: Fighting
   and Spellcasting.
   Beguiling: Conjurations, Hexes and Translocations.
 R - a ring of resist corrosion
Wands
 e - a wand of paralysis (17)
 n - a wand of iceblast (38)
 q - a wand of quicksilver (5)
 v - a wand of polymorph (1)
 G - a wand of mindburst (30)
 W - a wand of flame (29)
Scrolls
 j - 6 scrolls of blinking
 k - 3 scrolls of enchant weapon
 l - 7 scrolls of magic mapping
 z - a scroll of fear
 D - 2 scrolls of poison
 F - 5 scrolls of teleportation
 H - 2 scrolls of amnesia
 K - 3 scrolls of brand weapon
 P - 4 scrolls of butterflies
 Q - 3 scrolls of vulnerability
 X - 2 scrolls of silence
 Z - a scroll of summoning
Potions
 b - 3 potions of magic
 g - 13 potions of curing
 h - 3 potions of invisibility
 o - 3 potions of heal wounds
 s - 3 potions of lignification
 u - 3 potions of flight
 C - 2 potions of haste
 E - 4 potions of might
 J - 9 potions of ambrosia
 N - a potion of resistance
 S - 5 potions of brilliance
 Y - 2 potions of cancellation
Miscellaneous
 f - a tin of tremorstones (2/2)
 x - a phantom mirror
 A - a phial of floods (inert)
 M - a lightning rod (4/4)


   Skills:
 + Level 10.8(15.9) Fighting
 + Level 10.8(14.7) Short Blades
 + Level 10.8(14.7) Long Blades
 + Level 10.8(14.7) Axes
 + Level 10.8(14.7) Maces & Flails
 + Level 10.8(14.7) Polearms
 + Level 10.8(14.7) Staves
 + Level 10.8(13.4) Ranged Weapons
 + Level 10.8(13.4) Throwing
 + Level 10.8(13.4) Armour
 + Level 11.7(16.8) Dodging
 + Level 11.6(16.7) Stealth
 + Level 10.8(13.4) Shields
 + Level 10.8(14.7) Unarmed Combat
 + Level 11.9(17.0) Spellcasting
 + Level 9.1(13.0) Conjurations
 + Level 11.6(15.5) Hexes
 + Level 9.1(14.2) Summonings
 + Level 9.1(14.2) Necromancy
 + Level 9.1(13.0) Translocations
 + Level 9.4(12.0) Transmutations
 + Level 9.1(13.0) Fire Magic
 + Level 9.1(13.0) Ice Magic
 + Level 9.1(13.0) Air Magic
 + Level 10.6(14.5) Earth Magic
 + Level 9.1(11.8) Poison Magic
 + Level 11.7 Invocations
 + Level 10.8(14.7) Evocations


You had 26 spell levels left.
You knew the following spells:

 Your Spells              Type           Power      Damage    Failure   Level
a - Sandblast             Erth           100%       2d20      0%          1
b - Magic Dart            Conj           100%       1d8       1%          1
c - Searing Ray           Conj           100%       2d8       1%          2
d - Stone Arrow           Conj/Erth      100%       3d13      1%          3
e - Swiftness             Air            68%        N/A       1%          3
f - Blink                 Tloc           100%       N/A       1%          2
g - Manifold Assault      Tloc           68%        N/A       1%          5
h - Iskenderun's Battles  Conj           68%        2d12      1%          5

Your spell library contained the following spells:

 Spells                   Type           Power      Damage    Failure   Level
 Necrotise                Necr           100%       1d9       0%          1
 Ensorcelled Hibernation  Hex/Ice        100%       N/A       1%          2
 Passwall                 Tmut/Erth      57%        N/A       1%          2
 Static Discharge         Conj/Air       68%        3-12/arc  1%          2
 Call Canine Familiar     Summ           71%        N/A       1%          3
 Confusing Touch          Hex            74%        N/A       1%          3
 Dazzling Flash           Conj/Hex       100%       N/A       1%          3
 Gell's Gravitas          Tloc           68%        N/A       1%          3
 Teleport Other           Tloc           68%        N/A       1%          3
 Vampiric Draining        Necr           71%        2d11      1%          3
 Dispel Undead            Necr           71%        3d24      1%          4
 Fulminant Prism          Conj/Hex       35%        3d18      1%          4
 Ice Form                 Ice/Tmut       67%        N/A       1%          4
 Iskenderun's Mystic Bla  Conj/Tloc      68%        2d14      1%          4
 Passage of Golubria      Tloc           68%        N/A       1%          4
 Petrify                  Tmut/Erth      69%        N/A       1%          4
 Sticky Flame             Conj/Fire      68%        2d8       1%          4
 Agony                    Necr           71%        N/A       1%          5
 Lee's Rapid Deconstruct  Erth           36%        3d19*     1%          5
 Metabolic Englaciation   Hex/Ice        35%        N/A       1%          5
 Silence                  Hex/Air        35%        N/A       1%          5
 Yara's Violent Unravell  Hex/Tmut       35%        3d14      1%          5
 Iron Shot                Conj/Erth      35%        9d7       2%          6
 Summon Cactus Giant      Summ           35%        N/A       2%          6
 Dispersal                Tloc           34%        N/A       3%          6
 Simulacrum               Ice/Necr       35%        N/A       3%          6
 Statue Form              Tmut/Erth      46%        N/A       3%          6
 Enfeeble                 Hex            37%        N/A       8%          7
 Spellforged Servitor     Conj/Summ      35%        N/A       17%         7
 Storm Form               Tmut/Air       33%        N/A       26%         7
 Lehudib's Crystal Spear  Conj/Erth      35%        10d9      75%         8


Dungeon Overview and Level Annotations

Branches:
Dungeon (12/15)            Temple (1/1) D:6            Lair (5/5) D:9
  Swamp (0/4) Lair:2       Spider (3/4) Lair:2        Slime (0/5) Lair:5
    Orc (2/2) D:11            Elf (0/3) Orc:2

Altars:
Ashenzari
Cheibriados
Dithmenos
Elyvilon
Fedhas
Gozag
Hepliaklqana
Kikubaaqudgha
Makhleb
Nemelex Xobeh
Okawaru
Qazlal
Ru
Sif Muna
Trog
Uskayaw
Vehumet
Wu Jian
Xom
Yredelemnul
Zin
The Shining One
Jiyva

Shops:
D:6 ([:   D:9 ?   Orc:1 =   Orc:2 =*[!

Portals:
Pandemonium: Orc:2

Annotations:
D:5 2 transporters, protoss039's ghost, novice DsEE
D:6 exclusion: downstairs
D:8 exclusion: downstairs
Lair:2 2 transporters
Lair:5 1 runed translucent door
Spider:3 Jorgrun


Innate Abilities, Weirdness & Mutations

You have very sharp teeth.
Your uncanny sense of smell can sniff out nearby items.
Your experience applies equally to all skills.


Message History

Your battlesphere fires!
The barrage of energy hits the demonic crawler!
The demonic crawler is lightly wounded.
A jumping spider comes into view.
You block Jorgrun's attack. The grasping roots constrict you!
* * * LOW HITPOINT WARNING * * *
You feel much better.
A tarantella comes into view.
Jorgrun barely misses you. The grasping roots constrict you.
Casting: Stone Arrow (safe; 1% risk of failure)
Confirm with . or Enter, or press ? or * to list all spells.
Aiming: Stone Arrow (safe; 1% risk of failure)
Press: ? - help, Shift-Dir - straight line, f/p - Jorgrun
Aim: Jorgrun, wielding a staff of earth and wearing a +2 robe of positive energy (severely wounded, 63% to hit)
The stone arrow misses Jorgrun.
The tarantella's many legs skitter faintly.
You hear a faint skittering sound.
Your battlesphere fires!
The barrage of energy hits the demonic crawler.
The demonic crawler is lightly wounded.
Jorgrun casts a spell at you.
You easily resist.
The grasping roots constrict you!
An entropy weaver comes into view.
Casting: Stone Arrow (safe; 1% risk of failure)
Confirm with . or Enter, or press ? or * to list all spells.
Aiming: Stone Arrow (safe; 1% risk of failure)
Press: ? - help, Shift-Dir - straight line, f/p - Jorgrun
Aim: Jorgrun, wielding a staff of earth and wearing a +2 robe of positive energy (severely wounded, 63% to hit)
The stone arrow hits Jorgrun.
Jorgrun is severely wounded.
The entropy weaver shouts!
Your battlesphere fires!
The barrage of energy hits the demonic crawler.
The demonic crawler is moderately wounded.
The demonic crawler hits you! You block the demonic crawler's attack.
The demonic crawler completely misses you.
A ghost moth comes into view.
Jorgrun casts a spell at you. The iron shot hits you!!!
You die...

,** * , ,* ,^*,, , *
** , ....#
.......,,*,,,* * * *
* . ....#.>,.... , ,
* ,
,,**,..^#...........
,, , , ^
.............. ,,,,
, *, ,,
,....#.......#..,, ,
,* ^,,
*........#...... ,*
, , ,
,,,...†....*../...,
,,,, ,, ^ ,*,
..#.@#..., ,, , ^,,
,......gs......., ,,
, ,,,
.............#., , ,
,,
^,....s#.......^^, *
, , * ,
*###s#########.. , *
* , #.^,* * {, ,.,,
, ,* * ,, , ,.B. ,
** , , , * *, *{ {*
y.##* ##, ,*,, , , *
***** {.{.#,∆.** **
, ,,, *,,


You could see Jorgrun, a ghost moth (wandering, invisible), an entropy weaver, a
demonic crawler, a jumping spider, a tarantella and a friendly battlesphere.

Vanquished Creatures
  Nikola (Spider:2)
  The ghost of radmirchik the Bludgeoner, a journeyman MiBe of Trog (Spider:2)
  A ghost moth (Spider:2)
  2 emperor scorpions (Spider:2)
  A dire elephant (Lair:5)
  Josephine (Lair:5)
  A jorogumo (Spider:2)
  7 hydras
  A catoblepas (Lair:5)
  2 demonspawn (Orc:2)
  Erica (D:11)
  A boulder beetle (D:11)
  A radroach (Spider:2)
  A two-headed ogre (D:11)
  10 death yaks
  A deep troll shaman (Lair:5)
  5 orc high priests (Orc:2)
  Urug (Lair:2)
  A soul eater (Orc:2)
  3 pharaoh ants (Spider:2)
  Lodul (D:11)
  2 bog bodies (Lair:2)
  3 orb spiders
  Pikel (D:7)
  4 lindwurms (D:9)
  An ugly thing (D:11)
  10 orc sorcerers
  6 wolf spiders
  5 orc knights
  2 cyclopes
  A moth of wrath (Spider:2)
  A manticore (D:11)
  A rust devil (Orc:2)
  Maurice (D:11)
  8 elephants
  10 cane toads
  2 black mambas (Lair:2)
  2 gargoyles
  2 torpor snails (Spider:2)
  Maggie (Lair:2)
  A demonic crawler (Spider:1)
  An orange demon (Orc:2)
  An unseen horror (D:10)
  4 komodo dragons
  3 rime drakes
  4 trolls
  A queen bee (Lair:2)
  2 red devils (Orc:2)
  6 tarantellas
  3 polar bears
  8 blink frogs
  Prince Ribbit (D:8)
  7 dream sheep (Lair:3)
  2 slime creatures
  6 jumping spiders
  2 culicivoras
  60 yaks
  7 wraiths
  7 wyverns
  17 redbacks
  3 basilisks
  A steam dragon (D:9)
  3 swamp worms (Lair:2)
  4 wargs
  8 water moccasins
  2 ice beasts
  4 black bears
  34 orc warriors
  2 sky beasts
  A swamp drake (D:11)
  14 ogres
  8 wolves (Lair:5)
  A centaur (D:6)
  2 lemures (D:7)
  A phantom (D:5)
  3 kobold brigands
  7 bullfrogs
  A necrophage (D:6)
  A gnoll sergeant (D:9)
  2 scorpions
  5 wights (D:9)
  38 killer bees
  A howler monkey (D:7)
  An electric eel (Lair:2)
  2 jellies
  6 hounds
  28 orc priests
  A gnoll bouda (D:10)
  4 iguanas
  21 orc wizards
  Robin (D:2)
  18 gnolls
  9 adders
  A shadow imp (D:6)
  5 white imps
  3 ufetubi
  2 dart slugs
  80 orcs
  5 ball pythons
  6 endoplasms
  2 giant cockroaches
  11 goblins
  8 hobgoblins
  7 jackals
  15 kobolds
  3 quokkas
  5 bats
  8 frilled lizards
  6 rats
654 creatures vanquished.

Vanquished Creatures (others)
  29 fungi
  15 plants
44 creatures vanquished.

Grand Total: 698 creatures vanquished

Notes
Turn   | Place    | Note
-------+----------+-------------------------------------------
     0 | D:1      | Mirmiton the Gnoll Earth Elementalist began the quest for
                  | the Orb.
     0 | D:1      | Reached XP level 1. HP: 13/13 MP: 6/6
    76 | D:1      | Reached XP level 2. HP: 19/19 MP: 0/7
   375 | D:1      | Found a faded altar of an unknown god.
   485 | D:1      | Reached skill level 5 in Spellcasting
   485 | D:1      | Reached XP level 3. HP: 25/25 MP: 7/9
   945 | D:1      | Reached skill level 1 in Invocations
  1085 | D:2      | Reached skill level 1 in Fighting
  1085 | D:2      | Reached skill level 1 in Short Blades
  1085 | D:2      | Reached skill level 1 in Long Blades
  1085 | D:2      | Reached skill level 1 in Axes
  1085 | D:2      | Reached skill level 1 in Maces & Flails
  1085 | D:2      | Reached skill level 1 in Polearms
  1085 | D:2      | Reached skill level 1 in Staves
  1085 | D:2      | Reached skill level 1 in Ranged Weapons
  1085 | D:2      | Reached skill level 1 in Throwing
  1085 | D:2      | Reached skill level 1 in Armour
  1085 | D:2      | Reached skill level 1 in Shields
  1085 | D:2      | Reached skill level 1 in Unarmed Combat
  1085 | D:2      | Reached skill level 1 in Evocations
  1154 | D:2      | Reached XP level 4. HP: 18/32 MP: 7/11
  1359 | D:2      | Reached skill level 1 in Conjurations
  1359 | D:2      | Reached skill level 1 in Hexes
  1359 | D:2      | Reached skill level 1 in Summonings
  1359 | D:2      | Reached skill level 1 in Necromancy
  1359 | D:2      | Reached skill level 1 in Translocations
  1359 | D:2      | Reached skill level 1 in Fire Magic
  1359 | D:2      | Reached skill level 1 in Ice Magic
  1359 | D:2      | Reached skill level 1 in Air Magic
  1359 | D:2      | Reached skill level 1 in Poison Magic
  1977 | D:2      | Noticed Robin
  1985 | D:2      | Killed Robin
  1986 | D:2      | Reached XP level 5. HP: 28/37 MP: 9/12
  2404 | D:3      | Identified the +6 quarterstaff of Fate {vorpal, *Slow MP+9
                  | Int+2 Dex+5}
  2419 | D:3      | Noticed an ogre
  3354 | D:3      | Killed an ogre
  3355 | D:3      | Reached skill level 5 in Dodging
  3355 | D:3      | Reached XP level 6. HP: 23/44 MP: 12/14
  4272 | D:5      | Entered Level 5 of the Dungeon
  4416 | D:5      | Noticed a black bear
  4511 | D:4      | Killed a black bear
  4512 | D:4      | Reached XP level 7. HP: 10/51 MP: 12/15
  4968 | D:5      | Reached skill level 5 in Stealth
  5027 | D:5      | Learned a level 1 spell: Magic Dart
  5358 | D:5      | Found a transporter.
  5547 | D:5      | Found a transporter.
  5553 | D:5      | Noticed protoss039's ghost (novice DsEE)
  5827 | D:6      | Found Piudaisk's Book Shoppe.
  5937 | D:6      | Reached XP level 8. HP: 57/58 MP: 16/16
  6171 | D:6      | Found Araixtiu's Armour Shop.
  6784 | D:6      | Found Ociuq's Weapon Emporium.
  6852 | D:6      | Found a staircase to the Ecumenical Temple.
  6862 | Temple   | Entered the Ecumenical Temple
  6938 | Temple   | Became a worshipper of Ashenzari the Shackled
  7400 | D:7      | Learned a level 2 spell: Searing Ray
  7738 | D:7      | Identified the +2 robe of Koxaklia {rPois}
  7806 | D:7      | Noticed Pikel
  7816 | D:7      | Killed Pikel
  7817 | D:7      | Reached XP level 9. HP: 22/65 MP: 9/18
  8558 | D:7      | Reached skill level 5 in Invocations
  9197 | D:7      | Identified the +7 falchion of Oqoappoasa {vamp, Will+ Str-5
                  | Int+3}
  9568 | D:8      | Noticed Prince Ribbit
  9578 | D:8      | Killed Prince Ribbit
  9579 | D:8      | Reached skill level 5 in Fighting
  9579 | D:8      | Reached skill level 5 in Short Blades
  9579 | D:8      | Reached skill level 5 in Long Blades
  9579 | D:8      | Reached skill level 5 in Axes
  9579 | D:8      | Reached skill level 5 in Maces & Flails
  9579 | D:8      | Reached skill level 5 in Polearms
  9579 | D:8      | Reached skill level 5 in Staves
  9579 | D:8      | Reached skill level 5 in Ranged Weapons
  9579 | D:8      | Reached skill level 5 in Throwing
  9579 | D:8      | Reached skill level 5 in Armour
  9579 | D:8      | Reached skill level 5 in Shields
  9579 | D:8      | Reached skill level 5 in Unarmed Combat
  9579 | D:8      | Reached skill level 5 in Evocations
  9579 | D:8      | Reached XP level 10. HP: 74/74 MP: 16/20
 10285 | D:9      | Found Imepe's Magic Scroll Emporium.
 10292 | D:9      | Bought a scroll of teleportation for 33 gold pieces
 10385 | D:9      | Reached * piety under Ashenzari
 10385 | D:9      | Identified a scroll of acquirement
 10421 | D:9      | Reached skill level 5 in Transmutations
 11015 | D:9      | Noticed an elephant
 11040 | D:9      | Noticed a lindwurm
 11040 | D:9      | Noticed a lindwurm
 11088 | D:8      | Killed an elephant
 11326 | D:9      | Found an opulent altar of Gozag.
 11558 | D:9      | Learned a level 3 spell: Stone Arrow
 11562 | D:9      | Learned a level 3 spell: Swiftness
 11587 | D:9      | Identified the +1 whip of Yptuss {drain, *Noise Str+4
                  | Int+5}
 12256 | D:9      | Found a staircase to the Lair.
 12556 | D:9      | Reached skill level 5 in Conjurations
 12556 | D:9      | Reached skill level 5 in Hexes
 12556 | D:9      | Reached skill level 5 in Summonings
 12556 | D:9      | Reached skill level 5 in Necromancy
 12556 | D:9      | Reached skill level 5 in Translocations
 12556 | D:9      | Reached skill level 5 in Fire Magic
 12556 | D:9      | Reached skill level 5 in Ice Magic
 12556 | D:9      | Reached skill level 5 in Air Magic
 12556 | D:9      | Reached skill level 5 in Poison Magic
 12652 | D:9      | Reached XP level 11. HP: 70/80 MP: 22/22
 12747 | D:9      | Noticed a lindwurm
 12989 | D:9      | Noticed a lindwurm
 13255 | D:9      | Killed a lindwurm
 13272 | D:9      | Killed a lindwurm
 13278 | D:9      | Killed a lindwurm
 13313 | D:9      | Killed a lindwurm
 13514 | D:10     | Entered Level 10 of the Dungeon
 13765 | D:6      | Bought an Inescapable Atlas for 340 gold pieces
 13768 | D:6      | Learned a level 2 spell: Blink
 13888 | Lair:1   | Entered Level 1 of the Lair of Beasts
 14088 | Lair:1   | Reached ** piety under Ashenzari
 15899 | Lair:2   | Noticed Maggie
 15912 | Lair:2   | Killed Maggie
 16171 | Lair:2   | Noticed a bog body
 16177 | Lair:2   | Killed a bog body
 16178 | Lair:2   | Reached XP level 12. HP: 36/91 MP: 5/24
 16392 | Lair:2   | Found a staircase to the Swamp.
 16525 | Lair:2   | Identified the +0 ring mail of the Orcish Mines {rF++}
 16623 | Lair:2   | Found a transporter.
 16654 | Lair:2   | Found a transporter.
 16864 | Lair:2   | Noticed Urug
 17090 | Lair:2   | Found a hole to the Spider Nest.
 17595 | Lair:2   | Acquired 827 gold pieces
 18349 | Lair:2   | Found a transporter.
 18374 | Lair:2   | Found a transporter.
 18553 | Lair:2   | Killed Urug
 18770 | Lair:2   | Found a hole to the Spider Nest.
 19692 | Lair:3   | Noticed an eight-headed hydra
 19739 | Lair:2   | Found a staircase to the Swamp.
 20163 | D:10     | Reached *** piety under Ashenzari
 21062 | D:11     | Reached **** piety under Ashenzari
 21145 | D:11     | Noticed Lodul
 21383 | D:11     | Noticed a boulder beetle
 21397 | D:11     | Killed a boulder beetle
 21495 | D:11     | Killed Lodul
 21496 | D:11     | Reached XP level 13. HP: 44/103 MP: 0/28
 21814 | D:11     | Noticed Maurice
 21849 | D:10     | Identified the cursed +0 cloak "Bound Regret" {Comp, Melee}
                  | (You found it on level 3 of the Dungeon)
 21849 | D:10     | Identified the cursed +0 helmet "Submission of Ashenzari"
                  | {Evo, Comp} (You took it off Robin on level 2 of the
                  | Dungeon)
 21849 | D:10     | Identified the cursed +0 pair of boots "Lashed Together"
                  | {Fort, Range} (You found it on level 9 of the Dungeon)
 21849 | D:10     | Identified the cursed +0 kite shield "Mantic Omen" {Elem,
                  | Comp} (You found it on level 7 of the Dungeon)
 21857 | D:11     | Killed Maurice
 21985 | D:11     | Noticed Erica
 22130 | D:11     | Killed Erica
 22397 | D:11     | Found a staircase to the Orcish Mines.
 23662 | Lair:3   | Reached skill level 10 in Spellcasting
 25016 | Lair:3   | Reached skill level 10 in Dodging
 26199 | Lair:4   | Reached skill level 10 in Stealth
 26646 | Lair:5   | Entered Level 5 of the Lair of Beasts
 26753 | Lair:5   | Noticed Josephine
 26885 | Lair:5   | Reached XP level 14. HP: 115/115 MP: 30/31
 26890 | Lair:5   | Killed Josephine
 26891 | Lair:5   | Reached skill level 10 in Invocations
 27358 | Lair:5   | Reached ***** piety under Ashenzari
 28465 | Lair:5   | Learned a level 5 spell: Manifold Assault
 28467 | Lair:5   | Noticed a dire elephant
 28508 | Lair:5   | Reached skill level 10 in Hexes
 28677 | Lair:5   | Killed a dire elephant
 28802 | Lair:5   | Identified the ring of Ytanehy {rC+ Str-3 Int+6 Dex+4}
 29242 | Lair:5   | Noticed an azure jelly
 29242 | Lair:5   | Noticed an azure jelly
 29242 | Lair:5   | Noticed an azure jelly
 29243 | Lair:5   | Found a staircase to the Slime Pits.
 29243 | Lair:5   | Found a viscous altar of Jiyva.
 29243 | Lair:5   | Found a runed translucent door.
 29527 | Lair:5   | Noticed an azure jelly
 29626 | Lair:5   | Identified the +0 robe of Mutualism {rC+}
 29988 | Orc:1    | Entered Level 1 of the Orcish Mines
 30174 | Orc:1    | Found Udilitydd's Jewellery Shop.
 30206 | Orc:1    | Reached skill level 10 in Earth Magic
 31084 | Orc:2    | Entered Level 2 of the Orcish Mines
 31339 | Orc:2    | Reached skill level 10 in Fighting
 31339 | Orc:2    | Reached skill level 10 in Short Blades
 31339 | Orc:2    | Reached skill level 10 in Long Blades
 31339 | Orc:2    | Reached skill level 10 in Axes
 31339 | Orc:2    | Reached skill level 10 in Maces & Flails
 31339 | Orc:2    | Reached skill level 10 in Polearms
 31339 | Orc:2    | Reached skill level 10 in Staves
 31339 | Orc:2    | Reached skill level 10 in Ranged Weapons
 31339 | Orc:2    | Reached skill level 10 in Throwing
 31339 | Orc:2    | Reached skill level 10 in Armour
 31339 | Orc:2    | Reached skill level 10 in Shields
 31339 | Orc:2    | Reached skill level 10 in Unarmed Combat
 31339 | Orc:2    | Reached skill level 10 in Evocations
 32062 | Orc:2    | Reached XP level 15. HP: 109/127 MP: 6/34
 32455 | Orc:2    | Found a staircase to the Elven Halls.
 32568 | Orc:2    | Found Zudyedd's General Store.
 32713 | Orc:2    | Found Etaruxoto's Distillery.
 33217 | Orc:2    | Paralysed by an orc sorcerer for 2 turns
 34103 | Orc:2    | Found a one-way gate leading to the halls of Pandemonium.
 34105 | Orc:2    | Found Nuirch's Antique Armour Shop.
 34105 | Orc:2    | Found Jeid's Jewellery Boutique.
 34745 | Spider:1 | Entered Level 1 of the Spider Nest
 36472 | Spider:2 | Noticed Nikola
 37323 | Spider:2 | Identified the Book of Summoned Cold
 37324 | Spider:2 | Noticed radmirchik's ghost (journeyman MiBe)
 37388 | Spider:2 | Found a runed translucent door.
 37388 | Spider:2 | Noticed an emperor scorpion
 37571 | Spider:2 | Noticed an emperor scorpion
 37743 | Spider:2 | Killed Nikola
 38122 | Spider:2 | Killed radmirchik's ghost
 38133 | Spider:2 | Killed an emperor scorpion
 38300 | Spider:2 | Learned a level 5 spell: Iskenderun's Battlesphere
 38516 | Spider:2 | Killed an emperor scorpion
 38642 | Spider:3 | Noticed a ghost moth
 38661 | Spider:2 | Killed a ghost moth
 38812 | Spider:2 | Reached ****** piety under Ashenzari
 38869 | Spider:3 | Noticed an emperor scorpion
 38869 | Spider:3 | Noticed Jorgrun
 39746 | Spider:3 | Noticed a ghost moth
 39746 | Spider:3 | Killed from afar by Jorgrun

Illustrated notes

Levels and vault maps discovered:
D:1:      lemuel_arrival_muddy, layout_loops_ring,
          hellmonk_ecumenical_altar_lost_god
D:2:      layout_basic, wad_floor_pattern_1, minmay_joined_circles, uniq_robin
D:3:      wad_pebble_path, layout_basic
D:4:      layout_gridville, serial_bayou_lake_a
D:5:      layout_rooms, gammafunk_ghost_stat_death,
          nicolae_kite_square_tiling_tiny
D:6:      layout_basic, minmay_temple_entry_butterflies, serial_shops,
          kennysheep_little_box, nicolae_shop_competitors_out_of_business, shop
D:7:      layout_loops_cross, uniq_pikel
D:8:      layout_gridville, uniq_prince_ribbit1
D:9:      layout_small_grid, mainiacjoe_overflow_paths, david_lair_generic,
          serial_shops, nicolae_square_shop, minmay_lindwurm_lava
D:10:     layout_irregular_city
D:11:     layout_long_grid, erik_orc_1, uniq_maurice, uniq_lodul, uniq_erica
D:12:     layout_cave_pools, serial_shops, nicolae_shop_behind_doors,
          uniq_nessos, uniq_gastronok
Temple:   grunt_wide_crystal_templ
Lair:1:   layout_cave_pods
Lair:2:   gammafunk_cloud_chamber, layout_long_grid,
          nicolae_swamp_entry_splash_gauntlet,
          nicolae_spider_entry_tight_spaces, special_room [special_room_bee],
          uniq_maggie, uniq_urug
Lair:3:   layout_long_grid, grunt_megastairs_1
Lair:4:   layout_hall_layers, beast_lair_carwin_6
Lair:5:   grunt_lair_end_beastmaster, layout_cave_pods, slime_entry_2,
          fungi_pond_lemuel, uniq_josephine
Spider:1: layout_cave_pods
Spider:2: layout_spider_delve, ebering_ghost_inner_flame, hellmonk_test_site,
          uniq_nikola
Spider:3: nicolae_spider_hilbert_zone_6 [nicolae_spider_hilbert_4_sides_1_open,
          nicolae_spider_hilbert_4_sides_1_open,
          nicolae_spider_hilbert_4_sides_1_open,
          nicolae_spider_hilbert_4_sides_1_open,
          nicolae_spider_hilbert_4_sides_1_open,
          nicolae_spider_hilbert_4_sides_1_open,
          nicolae_spider_hilbert_4_sides_1_open], uniq_jorgrun
Orc:1:    layout_diamond_mine, basic_altar, minmay_shop_enchanted_jewellery
Orc:2:    pf_orc_diabolical, layout_diamond_mine, statue_in_the_mist_lemuel,
          guppyfry_library_mini

Skill      XL: |  1  2  3  4  5  6  7  8  9 10 11 12 13 14 15 |
---------------+----------------------------------------------+-----
Transmutations | 2 3 4 5 6 7 8 9 |  9.4
Spellcasting   | 5 6 7 8 9 10 11 | 11.9
Invocations    | 1 2 3 4 5 6 7 8 9 10 11 | 11.7
Fighting       | 1 2 3 4 5 6 7 8 9 10 | 10.8
Short Blades   | 1 2 3 4 5 6 7 8 9 10 | 10.8
Long Blades    | 1 2 3 4 5 6 7 8 9 10 | 10.8
Axes           | 1 2 3 4 5 6 7 8 9 10 | 10.8
Maces & Flails | 1 2 3 4 5 6 7 8 9 10 | 10.8
Polearms       | 1 2 3 4 5 6 7 8 9 10 | 10.8
Staves         | 1 2 3 4 5 6 7 8 9 10 | 10.8
Ranged Weapons | 1 2 3 4 5 6 7 8 9 10 | 10.8
Throwing       | 1 2 3 4 5 6 7 8 9 10 | 10.8
Armour         | 1 2 3 4 5 6 7 8 9 10 | 10.8
Shields        | 1 2 3 4 5 6 7 8 9 10 | 10.8
Unarmed Combat | 1 2 3 4 5 6 7 8 9 10 | 10.8
Evocations     | 1 2 3 4 5 6 7 8 9 10 | 10.8
Conjurations   | 1 2 3 4 5 6 7 8 9 |  9.1
Hexes          | 1 2 3 4 5 6 8 9 10 11 | 11.6
Summonings     | 1 2 3 4 5 6 7 8 9 |  9.1
Necromancy     | 1 2 3 4 5 6 7 8 9 |  9.1
Translocations | 1 2 3 4 5 6 7 8 9 |  9.1
Fire Magic     | 1 2 3 4 5 6 7 8 9 |  9.1
Ice Magic      | 1 2 3 4 5 6 7 8 9 |  9.1
Air Magic      | 1 2 3 4 5 6 7 8 9 |  9.1
Poison Magic   | 1 2 3 4 5 6 7 8 9 |  9.1
Dodging        | 5 6 7 8 9 10 11 | 11.7
Stealth        | 5 6 7 8 9 10 11 | 11.6
Earth Magic    | 6 7 8 9 10 | 10.6

Action                   |  1- 3 |  4- 6 |  7- 9 | 10-12 | 13-15 || total
-------------------------+-------+-------+-------+-------+-------++-------
Melee: Mace              |    58 |   146 |   118 |   103 |    42 ||   467
       Dagger            |     2 |       |       |       |       ||     2
       Bite              |     2 |    14 |     8 |    16 |   138 ||   178
       Punch             |       |     2 |     1 |     5 |       ||     8
       Falchion          |       |       |       |       |   742 ||   742
Throw: Dart              |       |     7 |       |    32 |     1 ||    40
       Javelin           |       |       |       |       |     5 ||     5
 Cast: Sandblast         |    18 |    23 |   121 |   172 |   104 ||   438
       Magic Dart        |       |       |    39 |   154 |   100 ||   293
       Searing Ray       |       |       |    13 |    18 |     4 ||    35
       Stone Arrow       |       |       |       |   142 |   550 ||   692
       Swiftness         |       |       |       |     6 |     3 ||     9
       Manifold Assault  |       |       |       |       |     9 ||     9
       Blink             |       |       |       |       |     6 ||     6
       Iskenderun's Batt |       |       |       |       |     8 ||     8
Invok: Curse Item        |       |       |       |     6 |     5 ||    11
       Shatter the Chain |       |       |       |       |     1 ||     1
Evoke: Wand              |       |       |       |     2 |     4 ||     6
       Lightning rod     |       |       |       |       |     3 ||     3
       Phial of floods   |       |       |       |       |     1 ||     1
  Use: Scroll            |       |       |     7 |     2 |       ||     9
       Potion            |       |       |     1 |     4 |     2 ||     7
 Stab: Sleeping          |     6 |     3 |     5 |     1 |     8 ||    23
       Distracted        |       |       |       |       |     1 ||     1
Armor: Robe              |    19 |    64 |    70 |   105 |   192 ||   450
Dodge: Dodged            |    48 |   158 |   177 |   260 |   509 ||  1152
Block: Other             |       |       |       |    14 |       ||    14
       Kite shield       |       |       |       |   117 |   962 ||  1079
       Reflection        |       |       |       |     1 |    13 ||    14
